 Dungeon Crawl Stone Soup version 0.30-b1-2-g02819fbbbe (webtiles) character file.

Game seed: 3266543039478382054

50 suse60 the Chopper (level 3, -3/31 HPs)
             Began as a Minotaur Gladiator on Oct 22, 2023.
             Slain by a gnoll
             ... wielding a +0 spear
              (6 damage)
             ... on level 2 of the Dungeon.
             The game lasted 00:03:36 (763 turns).

suse60 the Chopper (Minotaur Gladiator)              Turns: 763, Time: 00:03:37

Health: -3/31      AC:  8    Str: 20    XL:     3   Next: 55%
Magic:  2/2        EV: 11    Int:  5    God:
Gold:   67         SH:  0    Dex: 11    Spells: 2/2 levels left

rFire   . . .        a - +0 war axe
rCold   . . .        (no shield)
rNeg    . . .        j - +0 scale mail
rPois   .            c - +1 hat
rElec   .            (no cloak)
rCorr   .            g - +0 pair of gloves
SInv    .            (no boots)
Will    .....        (no amulet) Stlth
                     (no ring)
HPRegen 0.25/turn    (no ring)
MPRegen 0.08/turn

%: no passive effects
@: no status effects
A: horns 2, retaliatory headbutt
a: no special abilities


You were on level 2 of the Dungeon.
You visited 1 branch of the dungeon, and saw 2 of its levels.

You collected 67 gold pieces.

Inventory:

Hand Weapons
 a - a +0 war axe (weapon)
Missiles
 d - 3 throwing nets (quivered)
 e - a javelin
 f - 2 poisoned darts
Armour
 c - a +1 hat (worn)
 g - a +0 pair of gloves (worn)
 j - a +0 scale mail (worn)
Jewellery
 m - a ring of poison resistance
Scrolls
 k - a scroll of amnesia {unknown}
 l - 2 scrolls of silence
Potions
 b - a potion of brilliance
 h - a potion of curing


   Skills:
 + Level 3.4 Fighting
 + Level 4.4 Axes
 - Level 2.0 Throwing
 + Level 3.9 Dodging


You had 2 spell levels left.
You didn't know any spells.
Your spell library contained the following spells:

 Spells                   Type           Power      Damage    Failure   Level
 Slow                     Hex            0%         N/A       85%         1
 Confusing Touch          Hex            0%         N/A       99%         3
 Vampiric Draining        Necr           0%         2d6       99%         3


Dungeon Overview and Level Annotations

Branches:
Dungeon (2/15)

Altars:


Innate Abilities, Weirdness & Mutations

You have a pair of horns on your head.
You reflexively headbutt those who attack you in melee.


Message History

A gnoll comes into view. It is wielding a +0 spear.
The gnoll shouts!
You hear a shout!
A gnoll comes into view. It is wielding a +0 club.
The kobold throws a stone.
The stone closely misses you.
A gnoll comes into view.
It is wielding a +2 flail of protection.
You hit the kobold but do no damage. You punch the kobold.
You kill the kobold!
The gnoll hits you with a +0 spear.
You hit the gnoll.
The gnoll is heavily wounded.
The gnoll hits you with a +0 spear.
You hit the gnoll.
The gnoll is severely wounded.
A ball python comes into view.
The gnoll hits you with a +0 spear!
A gnoll comes into view. It is wielding a +0 spear.
The gnoll hits you but does no damage.
The ball python moves out of view.
You closely miss the gnoll.
The gnoll is severely wounded.
You hit the gnoll. You headbutt the gnoll.
You kill the gnoll!
You closely miss the gnoll.
The gnoll hits you with a +2 flail of protection.
You barely miss the gnoll. You hit the gnoll but do no damage.
The gnoll hits you with a +0 club. The gnoll closely misses you.
The gnoll hits you with a +0 club.
The gnoll hits you with a +2 flail of protection!
* * * LOW HITPOINT WARNING * * *
You slash the gnoll! Your headbutt misses the gnoll.
The gnoll is severely wounded.
You hit the gnoll but do no damage. The gnoll closely misses you.
The gnoll hits you with a +0 club.
* * * LOW HITPOINT WARNING * * *
You slash the gnoll!
You kill the gnoll!
You slash the gnoll! The gnoll misses you. The gnoll barely misses you.
You hit the gnoll.
The gnoll is almost dead.
The gnoll hits you from afar with a +0 spear.
You die...

#....# #. #....# .
#.# +....+ .. ..
#....# .. #.####
######....##
#.#.#....#
#..........#
......#.#
#..........#
#gg).###..........#
#@..............#
###.............#
#...†.........#
#######..##########
#........########
###...............#
#...........#####.###
#...####......<...#..
#...# #####.######.#


You could see 2 gnolls.

Vanquished Creatures
  An adder (D:2)
  2 gnolls (D:2)
  A dart slug (D:1)
  4 ball pythons
  3 endoplasms (D:1)
  A giant cockroach (D:1)
  2 kobolds
  A quokka (D:1)
  2 bats
  2 frilled lizards
  4 rats
23 creatures vanquished.

Notes
Turn   | Place    | Note
-------+----------+-------------------------------------------
     0 | D:1      | suse60 the Minotaur Gladiator began the quest for the Orb.
     0 | D:1      | Reached XP level 1. HP: 18/18 MP: 0/0
   165 | D:1      | Reached XP level 2. HP: 25/25 MP: 1/1
   431 | D:1      | Reached skill level 4 in Axes
   691 | D:2      | Reached XP level 3. HP: 30/31 MP: 2/2
   763 | D:2      | Slain by a gnoll

Illustrated notes

Levels and vault maps discovered:
D:1:      minmay_arrival_shattered_statue, layout_basic
D:2:      minmay_evil_eye, layout_basic

Skill      XL: |  1  2 |
---------------+-------+-----
Axes           | 4 |  4.4
Fighting       | 3 |  3.4
Throwing       | |  2.0
Dodging        | |  3.9

Action                     || total
---------------------------++-------
  Melee: War axe           ||    53
         Headbutt          ||     5
         Punch             ||     1
    Use: Scroll            ||     5
 Armour: Leather armour    ||     6
         Scale mail        ||    10
  Dodge: Dodged            ||    36
